 Dungeon Crawl Stone Soup version 0.22-b1-26-g9dbaab1 (webtiles) character file.

696 dracos369 the Spear-Bearer (level 7, -9/55 HPs)
             Began as a Merfolk Chaos Knight on Aug 8, 2018.
             Mangled by a steam dragon (15 damage)
             ... on level 6 of the Dungeon.
             The game lasted 00:15:05 (4402 turns).

dracos369 the Spear-Bearer (Merfolk Chaos Knight)   Turns: 4402, Time: 00:15:06

Health: -9/55      AC:  7    Str: 14    XL:     7   Next: 64%
Magic:  7/7        EV: 12    Int: 16    God:    Xom [*.....]
Gold:   61         SH:  0    Dex: 14    Spells: 6/6 levels left

rFire    + . .     SeeInvis +   a - +0 spear (chaos)
rCold    + . .     Gourm    .   (no shield)
rNeg     + + +     Faith    +   b - +2 leather armour
rPois    .         Spirit   .   q - +0 helmet
rElec    .         Reflect  .   i - +0 cloak
rCorr    .         Harm     .   (no gloves)
MR       +++..     NoTele   +   (no boots)
Stlth    +.........             d - amulet "Uziaqam" {Faith -Tele rC+ rN+++ MR++}
HPRegen  0.18/turn              k - +5 ring of intelligence
MPRegen  0.10/turn              s - ring of protection from magic

@: no status effects
A: change form in water, swift swim, stealthy swim, see invisible, fire
resistance 1, MP-powered wands
a: Renounce Religion


You were on level 6 of the Dungeon.
You worshipped Xom.
You were a special plaything of Xom.
You were hungry.

You visited 1 branch of the dungeon, and saw 6 of its levels.

You collected 204 gold pieces.
You spent 143 gold pieces at shops.

Inventory:

Hand Weapons
 a - a +0 spear of chaos (weapon)
Missiles
 m - 5 javelins (quivered)
Armour
 b - a +2 leather armour (worn)
 i - a +0 cloak (worn)
 q - a +0 helmet (worn)
Jewellery
 d - the amulet "Uziaqam" (around neck) {Faith -Tele rC+ rN+++ MR++}
   (Xom gifted it to you on level 1 of the Dungeon)

   [amulet of faith]

   It allows you to gain divine favour quickly.
   It protects you from cold.
   It renders you almost immune to negative energy.
   It affects your resistance to hostile enchantments.
   It prevents most forms of teleportation.
 k - a +5 ring of intelligence (left hand)
 s - a ring of protection from magic (right hand)
Wands
 r - a wand of paralysis (9)
Scrolls
 e - 3 scrolls of amnesia {unknown}
 g - a scroll of enchant armour {unknown}
 h - 3 scrolls of teleportation {unknown}
 j - 4 scrolls of identify {unknown}
 l - 3 scrolls of immolation {unknown}
 o - 2 scrolls of remove curse {unknown}
 p - a scroll of fear {unknown}
 u - a scroll of fog {unknown}
Potions
 f - 3 potions of degeneration {unknown}
 n - a potion of mutation {unknown}
 t - a potion of invisibility {unknown}
 v - a potion of haste {unknown}
Comestibles
 c - 9 rations


   Skills:
 + Level 4.9 Fighting
 * Level 10.2 Polearms
 + Level 3.1 Throwing
 - Level 0.6 Armour
 - Level 2.6 Dodging
 + Level 0.3 Evocations


You had 6 spell levels left.
You didn't know any spells.
Your spell library was empty.

Dungeon Overview and Level Annotations

Branches:
Dungeon (6/15)
 Temple: D:4-7

Altars:
Gozag
Makhleb
Okawaru
Qazlal
Uskayaw

Shops:
D:5 }


Innate Abilities, Weirdness & Mutations

You revert to your normal form in water.
You are very nimble and swift while swimming.
You are very stealthy in the water. (Stealth+)
You have supernaturally acute eyesight. (SInv)
Your flesh is heat resistant. (rF+)
You expend magic power (3 MP) to strengthen your wands.


Message History

You see here a rapier.
The steam dragon bites you! The steam dragon claws you!
The steam dragon bites you. The steam dragon closely misses you.
You see here a ration.
c - 9 rations (gained 1)
The steam dragon bites you!
* * * LOW HITPOINT WARNING * * *
The steam dragon claws you but does no damage.
You are too injured to fight recklessly!
The steam dragon bites you.
* * * LOW HITPOINT WARNING * * *
The steam dragon closely misses you.
Found a stone staircase leading down.
Unknown command.
The steam dragon refuses to make way for you. (Use ctrl+direction to attack.) Unknown command.
The steam dragon hisses angrily.
The steam dragon barely misses you. x2
The steam dragon bites you!
You die...

### #.#.# .# ###..
...###.#.
#....###........
.#.8..._...8.#
......!).....#
.#.8.......8.#
#...........#
...8.......8D####[#
#............@....#
...#.##..#####..###
.......... ..#
.....#.#.# ..#
......... ..# .#.
#.# .# .#


You could see a neutral steam dragon (insane).

Vanquished Creatures
  2 sky beasts (D:5)
  A scorpion (D:5)
  A howler monkey (D:5)
  A bullfrog skeleton (D:5)
  3 orc wizards (D:5)
  Terence (D:2)
  2 iguanas (D:5)
  A worker ant (D:5)
  A hound zombie (D:5)
  A howler monkey skeleton (D:3)
  2 adders
  5 worms
  A dart slug (D:2)
  2 leopard geckos (D:5)
  5 orcs
  3 giant cockroaches
  6 goblins
  4 hobgoblins
  2 jackals (D:2)
  6 kobolds
  2 quokkas
  A ball python (D:2)
  4 bats
  6 frilled lizards
  A quokka skeleton (D:5)
  6 rats
70 creatures vanquished.

Vanquished Creatures (collateral kills)
  A phantom (D:4)
  A wyvern skeleton (D:6)
  A hound (D:5)
  A worm (D:5)
4 creatures vanquished.

Grand Total: 74 creatures vanquished

Notes
Turn   | Place    | Note
-------+----------+-------------------------------------------
     0 | D:1      | dracos369 the Merfolk Chaos Knight began the quest for the Orb.
     0 | D:1      | Reached XP level 1. HP: 18/18 MP: 1/1
   115 | D:1      | XOM: potion effect (haste)
   119 | D:1      | Reached skill level 5 in Polearms
   182 | D:1      | Reached XP level 2. HP: 23/24 MP: 2/2
   182 | D:1      | XOM: summons 2 friendly demons
   552 | D:1      | XOM: god gift: slimy platinum amulet {god gift}
   553 | D:1      | Got a slimy platinum amulet {god gift}
   554 | D:1      | Identified the amulet "Uziaqam" {Faith -Tele rC+ rN+++ MR++} (Xom gifted it to you on level 1 of the Dungeon)
   709 | D:1      | XOM: god gift: 12 gold pieces
   763 | D:1      | XOM: divination: magic mapping
   813 | D:2      | XOM: mild Chrm miscast
   844 | D:2      | You fall through a shaft!
   875 | D:3      | XOM: medium Necr miscast
   905 | D:3      | XOM: confuse monster(s)
   917 | D:3      | Reached skill level 6 in Polearms
   917 | D:3      | Reached XP level 3. HP: 17/29 MP: 3/3
  1277 | D:2      | Found an iron altar of Okawaru.
  1363 | D:2      | Noticed Terence
  1367 | D:2      | Killed Terence
  1367 | D:2      | Reached skill level 7 in Polearms
  1367 | D:2      | Reached XP level 4. HP: 35/35 MP: 4/4
  1511 | D:2      | Found a stormy altar of Qazlal.
  2101 | D:3      | XOM: cloud trail
  2420 | D:3      | XOM: noise
  2485 | D:4      | XOM: mild Tloc miscast
  2501 | D:4      | XOM: god gift: mace {god gift}
  2550 | D:4      | XOM: god gift: 11 gold pieces
  2664 | D:4      | XOM: god gift: helmet {god gift}
  2668 | D:4      | XOM: divination: magic mapping
  2687 | D:4      | XOM: cloud trail
  2738 | D:4      | XOM: scenery: 1 doors open, 1 doors close
  2811 | D:4      | XOM: give mutations
  2811 | D:4      | Gained mutation: You have supernaturally acute eyesight. (SInv) [Xom's grace]
  2811 | D:4      | Gained mutation: Your flesh is heat resistant. (rF+) [Xom's grace]
  2811 | D:4      | Gained mutation: You expend magic power (3 MP) to strengthen your wands. [Xom's grace]
  2939 | D:4      | Noticed a phantom
  2950 | D:4      | XOM: scenery: 2 doors open, 3 doors close
  2955 | D:4      | XOM: butterfly on damage
  2957 | D:4      | XOM: potion effect (heal wounds)
  2959 | D:4      | XOM: cast spell 'Summon Horrible Things'
  2963 | D:4      | Killed a phantom
  2963 | D:4      | Reached skill level 8 in Polearms
  2963 | D:4      | Reached skill level 1 in Throwing
  2963 | D:4      | Reached XP level 5. HP: 40/42 MP: 5/5
  3121 | D:4      | XOM: stat loss: -1 Dex (13/14)
  3208 | D:4      | Got a scorched shortbow
  3209 | D:4      | Identified the +10 shortbow "Vippunaj" {speed, Fragile rElec rC++ Int+2} (You found it on level 4 of the Dungeon)
  3310 | D:5      | Entered Level 5 of the Dungeon
  3327 | D:5      | Noticed a sky beast
  3344 | D:5      | Killed a sky beast
  3344 | D:5      | Reached XP level 6. HP: 41/48 MP: 6/6
  3388 | D:5      | XOM: divination: magic mapping
  3394 | D:5      | Reached skill level 9 in Polearms
  3413 | D:5      | XOM: enchant monster (good)
  3491 | D:5      | Noticed a sky beast
  3502 | D:5      | XOM: confusion (+ monsters)
  3505 | D:5      | Killed a sky beast
  3505 | D:5      | Reached XP level 7. HP: 47/55 MP: 7/7
  3594 | D:5      | XOM: enchant monster (good)
  3601 | D:5      | XOM: summons friendly white imp
  3607 | D:5      | XOM: noise
  3616 | D:5      | Reached skill level 10 in Polearms
  3651 | D:5      | Found an opulent altar of Gozag.
  3658 | D:5      | XOM: mild Tloc miscast
  3677 | D:5      | Found a burning altar of Makhleb.
  3677 | D:5      | Noticed a balrug
  3684 | D:5      | Noticed a ynoxinul
  3684 | D:5      | Noticed an orange demon
  3903 | D:5      | XOM: harmless Air miscast
  3958 | D:5      | XOM: summons 2 hostile demons
  4027 | D:5      | Found Weapadan's Gadget Shop.
  4032 | D:5      | Bought a wand of paralysis (9) for 143 gold pieces
  4383 | D:6      | Found a hide-covered altar of Uskayaw.
  4390 | D:6      | Noticed a steam dragon
  4390 | D:6      | a worker ant changed into a steam dragon
  4390 | D:6      | XOM: polymorph worker ant -> steam dragon
  4393 | D:6      | XOM: cast spell 'Discord'
  4402 | D:6      | Mangled by a steam dragon

Skill      XL: |  1  2  3  4  5  6  7 |
---------------+----------------------+-----
Polearms       | 5 6 7 8 9 10 | 10.2
Throwing       | 1 2 3 |  3.1
Fighting       | 4 |  4.9
Armour         | |  0.6
Dodging        | |  2.6
Evocations     | |  0.3

Action                   |  1- 3 |  4- 6 |  7- 9 || total
-------------------------+-------+-------+-------++-------
Melee: Spear             |    95 |   156 |    80 ||   331
Throw: Javelin           |       |     5 |       ||     5
 Stab: Sleeping          |     2 |     4 |       ||     6
       Petrifying        |       |     1 |     1 ||     2
       Petrified         |       |     2 |     4 ||     6
  Eat: Chunk             |     1 |     4 |     2 ||     7
       Ration            |       |     1 |       ||     1
Armor: Leather armour    |     9 |    23 |    15 ||    47
Dodge: Dodged            |    40 |    42 |    33 ||   115
